[ AOE2 MATCH · #507121823 ]
UnrankedKhmer vs Tupi
Player's team · WIN
Rival team · LOSS
[ REPLAY ANALYSIS · EXTRACTED FROM THE RECORDED GAME ]
Feudal
8:51
Castle
21:40
Imperial
—
| APM avg | 53.7 |
| APM peak | 91 |
| eAPM avg | 18.9 |
| Villagers / military | 63 / 66 |
Focus
⚔️ 29.4% · 🌾 70.6%
Battle Elephant ×44 · Archer ×11 · Scout Cavalry ×8 · Scorpion ×2 · Mangonel ×1
Feudal
9:46
Castle
26:58
Imperial
—
| APM avg | 36.4 |
| APM peak | 64 |
| eAPM avg | 26.3 |
| Villagers / military | 65 / 22 |
Focus
⚔️ 50.0% · 🌾 50.0%
Spearman ×18 · Unknown (2550) ×10 · Monk ×4
Match map
Initial resources + every placement click. Lines = walls · curves = elevation contours. ◆ gold · ⬟ stone · ● berries · ✦ relic · ◌ wall gap
Your base· Open — 4t gap
gupo57's base· Open — unwalled flank
Smoothed initial terrain · ◌ = detected wall gap · hover for details
Inputs per minute
— Riut - - gupo57
Build order — Riut
First 150 of 207 actions detected
| 0:00 | Queue | Villager (Male) |
| 0:01 | Queue | Villager (Male) |
| 0:01 | Queue | Villager (Male) |
| 0:01 | Queue | Villager (Male) |
| 0:01 | Queue | Villager (Male) |
| 0:02 | Build | House |
| 0:04 | Build | House |
| 1:34 | Queue | Villager (Male) |
| 1:34 | Queue | Villager (Male) |
| 1:34 | Queue | Villager (Male) |
| 1:47 | Build | Lumber Camp |
| 1:59 | Queue | Villager (Male) |
| 1:59 | Queue | Villager (Male) |
| 1:59 | Queue | Villager (Male) |
| 2:16 | Queue | Villager (Male) |
| 2:16 | Queue | Villager (Male) |
| 2:23 | Build | House |
| 2:46 | Queue | Villager (Male) |
| 2:47 | Queue | Villager (Male) |
| 2:47 | Queue | Villager (Male) |
| 3:20 | Queue | Villager (Male) |
| 3:21 | Queue | Villager (Male) |
| 3:21 | Queue | Villager (Male) |
| 3:44 | Queue | Villager (Male) |
| 4:03 | Queue | Villager (Male) |
| 4:03 | Queue | Villager (Male) |
| 4:03 | Queue | Villager (Male) |
| 4:17 | Queue | Villager (Male) |
| 4:17 | Queue | Villager (Male) |
| 4:38 | Queue | Villager (Male) |
| 4:38 | Queue | Villager (Male) |
| 4:39 | Queue | Villager (Male) |
| 4:56 | Queue | Villager (Male) |
| 4:56 | Research | Loom |
| 5:31 | Build | Mill |
| 6:41 | Research | Feudal Age |
| 6:49 | Build | House |
| 6:55 | Build | Palisade Wall |
| 7:32 | Build | House |
| 7:34 | Build | Palisade Wall |
| 7:43 | Build | House |
| 7:48 | Build | Palisade Wall |
| 8:13 | Queue | Villager (Male) |
| 8:14 | Queue | Villager (Male) |
| 8:51 | Age | Feudal Age |
| 8:52 | Build | Stable |
| 9:00 | Research | Double-Bit Axe |
| 9:04 | Build | Farm |
| 9:26 | Queue | Villager (Male) |
| 9:32 | Queue | Scout Cavalry |
| 9:32 | Queue | Scout Cavalry |
| 9:32 | Queue | Scout Cavalry |
| 9:57 | Queue | Villager (Male) |
| 10:03 | Queue | Scout Cavalry |
| 10:03 | Queue | Scout Cavalry |
| 10:09 | Build | Farm |
| 10:31 | Build | Archery Range |
| 10:31 | Queue | Villager (Male) |
| 10:32 | Queue | Villager (Male) |
| 10:46 | Queue | Villager (Male) |
| 10:53 | Build | Mining Camp |
| 11:09 | Build | Palisade Wall |
| 11:14 | Build | Palisade Wall |
| 11:16 | Queue | Villager (Male) |
| 11:25 | Build | Farm |
| 11:49 | Queue | Villager (Male) |
| 11:51 | Queue | Archer |
| 11:51 | Queue | Archer |
| 11:56 | Build | Farm |
| 11:57 | Queue | Villager (Male) |
| 12:06 | Build | Farm |
| 12:07 | Build | Farm |
| 12:16 | Queue | Archer |
| 12:25 | Queue | Scout Cavalry |
| 12:27 | Queue | Villager (Male) |
| 12:30 | Build | Farm |
| 12:47 | Build | House |
| 12:51 | Build | Farm |
| 12:51 | Queue | Villager (Male) |
| 12:53 | Queue | Archer |
| 13:14 | Build | Farm |
| 13:16 | Queue | Scout Cavalry |
| 13:17 | Queue | Archer |
| 13:28 | Build | Farm |
| 13:36 | Queue | Villager (Male) |
| 13:39 | Build | Farm |
| 13:59 | Queue | Villager (Male) |
| 14:00 | Build | House |
| 14:00 | Build | House |
| 14:08 | Queue | Archer |
| 14:27 | Queue | Scout Cavalry |
| 14:34 | Build | Farm |
| 14:35 | Build | Farm |
| 14:36 | Build | Farm |
| 14:38 | Queue | Villager (Male) |
| 14:57 | Queue | Villager (Male) |
| 14:58 | Queue | Archer |
| 15:03 | Build | Blacksmith |
| 15:14 | Queue | Villager (Male) |
| 15:29 | Queue | Archer |
| 15:51 | Research | Fletching |
| 15:52 | Queue | Villager (Male) |
| 16:01 | Queue | Archer |
| 16:07 | Build | Farm |
| 16:10 | Build | Farm |
| 16:28 | Queue | Villager (Male) |
| 16:28 | Queue | Villager (Male) |
| 16:29 | Queue | Archer |
| 17:11 | Queue | Archer |
| 17:12 | Queue | Villager (Male) |
| 17:33 | Build | Watch Tower |
| 17:37 | Queue | Villager (Male) |
| 17:48 | Build | House |
| 18:37 | Build | Mining Camp |
| 18:46 | Build | House |
| 18:55 | Research | Castle Age |
| 19:13 | Build | Mining Camp |
| 19:37 | Research | Padded Archer Armor |
| 20:04 | Research | Scale Barding Armor |
| 20:09 | Build | Stable |
| 20:13 | Research | Horse Collar |
| 20:24 | Research | Forging |
| 20:27 | Build | Farm |
| 20:50 | Build | Stable |
| 21:12 | Research | Bloodlines |
| 21:12 | Research | Bloodlines |
| 21:40 | Age | Castle Age |
| 21:43 | Queue | Battle Elephant |
| 21:51 | Build | Siege Workshop |
| 21:59 | Build | Siege Workshop |
| 21:59 | Queue | Battle Elephant |
| 22:00 | Queue | Battle Elephant |
| 22:02 | Queue | Villager (Male) |
| 22:02 | Queue | Villager (Male) |
| 22:03 | Queue | Villager (Male) |
| 22:08 | Build | Farm |
| 22:21 | Queue | Villager (Male) |
| 22:38 | Build | Farm |
| 22:55 | Queue | Battle Elephant |
| 22:55 | Queue | Battle Elephant |
| 22:55 | Queue | Battle Elephant |
| 22:57 | Queue | Scorpion |
| 23:06 | Queue | Battle Elephant |
| 23:06 | Queue | Battle Elephant |
| 23:20 | Build | Farm |
| 23:21 | Build | Farm |
| 23:33 | Research | Husbandry |
| 23:33 | Research | Husbandry |
| 23:41 | Queue | Scorpion |
| 23:42 | Queue | Villager (Male) |
Build order — gupo57
First 150 of 167 actions detected
| 0:00 | Queue | Villager (Male) |
| 0:02 | Build | House |
| 0:03 | Build | House |
| 0:09 | Queue | Villager (Male) |
| 0:09 | Queue | Villager (Male) |
| 0:09 | Queue | Villager (Male) |
| 1:30 | Build | House |
| 1:42 | Queue | Villager (Male) ×2 |
| 2:24 | Queue | Villager (Male) |
| 2:24 | Queue | Villager (Male) |
| 2:24 | Queue | Villager (Male) |
| 2:53 | Build | House |
| 3:09 | Queue | Villager (Male) |
| 3:10 | Queue | Villager (Male) |
| 3:10 | Queue | Villager (Male) |
| 3:24 | Queue | Villager (Male) |
| 3:24 | Queue | Villager (Male) |
| 3:36 | Build | Settlement |
| 3:52 | Queue | Villager (Male) ×2 |
| 4:46 | Queue | Villager (Male) ×4 |
| 4:50 | Build | House |
| 5:14 | Build | House |
| 5:18 | Build | Palisade Wall |
| 5:23 | Queue | Villager (Male) |
| 5:55 | Queue | Villager (Male) |
| 5:55 | Queue | Villager (Male) |
| 5:55 | Queue | Villager (Male) |
| 6:17 | Build | Barracks |
| 6:20 | Queue | Villager (Male) |
| 6:20 | Queue | Villager (Male) |
| 7:02 | Build | Palisade Wall |
| 7:08 | Research | Loom |
| 7:36 | Research | Feudal Age |
| 7:39 | Build | Settlement |
| 7:46 | Queue | Unit 2550 |
| 7:46 | Queue | Unit 2550 |
| 8:02 | Queue | Unit 2550 |
| 8:03 | Queue | Unit 2550 |
| 8:44 | Queue | Unit 2550 |
| 8:49 | Build | Palisade Wall |
| 9:37 | Queue | Villager (Male) |
| 9:38 | Queue | Villager (Male) |
| 9:46 | Age | Feudal Age |
| 9:48 | Research | Tech 1402 |
| 9:51 | Research | Double-Bit Axe |
| 10:06 | Build | Watch Tower |
| 10:55 | Queue | Villager (Male) |
| 10:55 | Queue | Villager (Male) |
| 10:55 | Queue | Villager (Male) |
| 11:00 | Build | Settlement |
| 11:16 | Build | Watch Tower |
| 11:29 | Queue | Villager (Male) |
| 11:29 | Queue | Villager (Male) |
| 11:50 | Queue | Villager (Male) |
| 11:50 | Queue | Villager (Male) |
| 12:21 | Build | Settlement |
| 12:38 | Build | Farm |
| 12:42 | Build | Farm |
| 13:01 | Queue | Villager (Male) |
| 13:03 | Build | Farm |
| 13:09 | Build | Stone Wall |
| 13:11 | Build | Stone Wall |
| 13:32 | Queue | Villager (Male) |
| 13:40 | Build | Stone Wall |
| 13:42 | Build | Stone Wall |
| 13:54 | Queue | Villager (Male) |
| 13:57 | Build | Farm |
| 14:18 | Queue | Spearman |
| 14:19 | Queue | Villager (Male) |
| 14:19 | Queue | Villager (Male) |
| 14:30 | Build | Farm |
| 14:32 | Build | Farm |
| 14:40 | Queue | Villager (Male) |
| 14:40 | Queue | Villager (Male) |
| 14:53 | Queue | Villager (Male) |
| 14:54 | Queue | Villager (Male) |
| 14:55 | Build | Farm |
| 15:15 | Queue | Villager (Male) |
| 15:16 | Queue | Villager (Male) |
| 15:43 | Queue | Spearman |
| 15:44 | Queue | Villager (Male) |
| 15:45 | Queue | Villager (Male) |
| 15:58 | Build | Stone Wall |
| 16:14 | Research | Arson |
| 16:15 | Queue | Villager (Male) |
| 16:15 | Queue | Villager (Male) |
| 16:38 | Build | Watch Tower |
| 16:41 | Queue | Villager (Male) |
| 17:09 | Queue | Villager (Male) |
| 17:09 | Queue | Villager (Male) |
| 17:19 | Queue | Villager (Male) |
| 17:20 | Build | Farm |
| 17:22 | Queue | Unit 2550 |
| 17:23 | Queue | Unit 2550 |
| 17:24 | Build | Farm |
| 17:31 | Build | Watch Tower |
| 17:42 | Build | Watch Tower |
| 17:51 | Queue | Villager (Male) |
| 17:51 | Queue | Villager (Male) |
| 17:53 | Build | Farm |
| 17:58 | Build | Farm |
| 18:27 | Queue | Villager (Male) |
| 18:27 | Queue | Villager (Male) |
| 18:33 | Build | Farm |
| 18:35 | Build | Farm |
| 18:41 | Queue | Villager (Male) |
| 19:13 | Queue | Unit 2550 |
| 19:14 | Queue | Unit 2550 |
| 19:15 | Queue | Villager (Male) |
| 19:39 | Build | Blacksmith |
| 19:45 | Queue | Villager (Male) |
| 20:11 | Queue | Villager (Male) |
| 20:11 | Queue | Villager (Male) |
| 20:45 | Queue | Villager (Male) |
| 21:03 | Build | Watch Tower |
| 21:39 | Build | Farm |
| 21:46 | Queue | Unit 2550 |
| 21:50 | Build | Farm |
| 21:59 | Research | Fletching |
| 22:26 | Build | Farm |
| 22:32 | Build | Watch Tower |
| 22:35 | Build | Farm |
| 22:38 | Build | Settlement |
| 23:25 | Build | Market |
| 23:27 | Build | Farm |
| 24:18 | Research | Castle Age |
| 24:55 | Build | Stone Wall |
| 24:58 | Build | Stone Wall |
| 25:00 | Build | Stone Wall |
| 25:02 | Build | Stone Wall |
| 25:06 | Build | Stone Wall |
| 25:07 | Build | Stone Wall |
| 25:22 | Build | Stone Wall |
| 25:24 | Build | Stone Wall |
| 25:25 | Build | Stone Wall |
| 25:27 | Build | Stone Wall |
| 25:29 | Build | Stone Wall |
| 25:30 | Build | Stone Wall |
| 25:36 | Build | Stone Wall |
| 25:38 | Build | Stone Wall |
| 26:01 | Build | Stone Wall |
| 26:07 | Queue | Spearman ×5 |
| 26:16 | Build | Stone Wall |
| 26:18 | Build | Stone Wall |
| 26:34 | Queue | Spearman |
| 26:37 | Build | Farm |
| 26:37 | Build | Farm |
| 26:38 | Build | Farm |
| 26:38 | Build | Farm |
| 26:42 | Build | Stone Wall |
Match timeline
| 5:18 | gupo57 · wall_segment Palisade Wall x3 |
| 6:17 | gupo57 · first_building Barracks |
| 6:55 | Riut · wall_segment Palisade Wall x5 |
| 7:02 | gupo57 · wall_segment Palisade Wall x2 |
| 7:34 | Riut · wall_segment Palisade Wall x3 |
| 7:48 | Riut · wall_segment Palisade Wall x8 |
| 8:49 | gupo57 · wall_segment Palisade Wall x2 |
| 8:51 | Riut · age_up feudal |
| 8:52 | Riut · first_building Stable |
| 9:46 | gupo57 · age_up feudal |
| 10:31 | Riut · first_building Archery Range |
| 11:09 | Riut · wall_segment Palisade Wall x8 |
| 11:14 | Riut · wall_segment Palisade Wall x1 |
| 13:09 | gupo57 · wall_segment Stone Wall x1 |
| 13:11 | gupo57 · wall_segment Stone Wall x1 |
| 13:40 | gupo57 · wall_segment Stone Wall x1 |
| 13:42 | gupo57 · wall_segment Stone Wall x1 |
| 15:58 | gupo57 · wall_segment Stone Wall x1 |
| 21:40 | Riut · age_up castle |
| 21:51 | Riut · first_building Siege Workshop |
| 24:17 | gupo57 · first_market_sell 100 wood |
| 24:55 | gupo57 · wall_segment Stone Wall x1 |
| 24:58 | gupo57 · wall_segment Stone Wall x1 |
| 25:00 | gupo57 · wall_segment Stone Wall x1 |
| 25:02 | gupo57 · wall_segment Stone Wall x1 |
| 25:06 | gupo57 · wall_segment Stone Wall x1 |
| 25:07 | gupo57 · wall_segment Stone Wall x1 |
| 25:22 | gupo57 · wall_segment Stone Wall x1 |
| 25:24 | gupo57 · wall_segment Stone Wall x1 |
| 25:25 | gupo57 · wall_segment Stone Wall x1 |
| 25:27 | gupo57 · wall_segment Stone Wall x1 |
| 25:29 | gupo57 · wall_segment Stone Wall x1 |
| 25:30 | gupo57 · wall_segment Stone Wall x1 |
| 25:36 | gupo57 · wall_segment Stone Wall x1 |
| 25:38 | gupo57 · wall_segment Stone Wall x1 |
| 26:01 | gupo57 · wall_segment Stone Wall x2 |
| 26:16 | gupo57 · wall_segment Stone Wall x1 |
| 26:18 | gupo57 · wall_segment Stone Wall x1 |
| 26:42 | gupo57 · wall_segment Stone Wall x1 |
| 26:43 | gupo57 · wall_segment Stone Wall x1 |
| 26:58 | gupo57 · age_up castle |
| 27:10 | gupo57 · first_building Monastery |
| 27:36 | gupo57 · wall_segment Stone Wall x1 |
| 27:37 | gupo57 · wall_segment Stone Wall x1 |
| 29:29 | gupo57 · resign |
[ AI ANALYSIS · 1 CREDIT ]
What really happened in this match?
Wolo.gg analyzes every decision: build order, eco, micro, common mistakes by bracket. Personalized analysis on WhatsApp or Discord in 30 seconds.
Civ guide
Khmer
Perfil
Jugador #1045839